 Dungeon Crawl Stone Soup version 0.17-a0-1650-gce8475a (webtiles) character file.

608 esc the Skirmisher (level 7, 7/76 HPs)
             Began as an Ogre Hunter on Aug 13, 2015.
             Quit the game in an ossuary.
             The game lasted 00:17:37 (6224 turns).

esc the Skirmisher (Ogre Hunter)                    Turns: 6224, Time: 00:17:37

Health: 7/76       AC:  3    Str: 25    XL:     7   Next: 43%
Magic:  7/7        EV: 10    Int: 10    God:
Gold:   153        SH:  0    Dex: 10    Spells: 0 memorised, 6 levels left

rFire  . . .     SeeInvis .     b - +0 club
rCold  . . .     Clarity  .     d - +0 robe
rNeg   . . .     SustAt   .     (no shield)
rPois  .         Gourm    .     (helmet restricted)
rElec  .         Spirit   .     (no cloak)
rCorr  .         Warding  .     (gloves unavailable)
rMut   .         Stasis   .     (boots unavailable)
MR     .....                    (no amulet)
Stlth  +.........               (no ring)
                                (no ring)

@: mighty, lethally poisoned (7 -> -3), very slightly contaminated, hasted, very
quick, not resistant to hostile enchantments, very unstealthy
A: unfitting armour, tough skin 1
a: no special abilities


You were in an ossuary.
You were not hungry.

You visited 1 branch of the dungeon, and saw 4 of its levels.
You also visited: Ossuary.

You collected 153 gold pieces.

Inventory:

Hand weapons
 a - a +0 blowgun
   (You took it off a kobold on level 3 of the Dungeon)
 b - a +0 club (weapon)
   (You took it off a hobgoblin on level 1 of the Dungeon)
Missiles
 h - 147 stones
 i - 48 poisoned needles
 k - 2 throwing nets {=f, !d}
 s - 5 large rocks (quivered) {!d}
Armour
 d - a +0 robe (worn)
Scrolls
 m - a scroll of amnesia
 r - a scroll of enchant weapon
Potions
 n - a potion of degeneration {!q}
 p - 2 potions of haste
Comestibles
 e - a bread ration {@e1}
 g - 2 royal jellies
 j - a slice of pizza
 o - a meat ration {@e2}


   Skills:
 + Level 6.8 Fighting
 + Level 4.8 Maces & Flails
 + Level 5.7 Throwing
 + Level 3.3 Dodging
 - Level 0.7 Stealth


You had 6 spell levels left.
You didn't know any spells.

Dungeon Overview and Level Annotations

Branches:
Dungeon (4/15)
 Temple: D:4-7

Altars:
Elyvilon
Yredelemnul

Annotations:
D:4 Charly's ghost, average FoSk


Innate Abilities, Weirdness & Mutations

You are too large for most types of armour.
You have tough skin (AC +1).


Message History

You hit the human zombie.
The human zombie hits you but does no damage.
The big kobold zombie hits you but does no damage.
The human zombie hits you but does no damage.
You hit the human zombie.
The human zombie hits you but does no damage.
The big kobold zombie hits you but does no damage.
The human zombie hits you but does no damage.
You hit the human zombie.
The human zombie hits you but does no damage.
You barely miss the human zombie.
Your transformation is almost over.
The big kobold zombie hits you but does no damage.
The human zombie hits you but does no damage. x2
You completely miss the human zombie.
The big kobold zombie hits you but does no damage.
The human zombie barely misses you.
You hit the human zombie but do no damage.
The human zombie hits you but does no damage.
The big kobold zombie hits you but does no damage.
The human zombie hits you.
You take 2 damage, and have 95/114 hp.
You hit the human zombie.
The human zombie hits you but does no damage.
The big kobold zombie hits you but does no damage.
The human zombie hits you but does no damage.
You hit the human zombie.
The human zombie hits you but does no damage.
The big kobold zombie hits you but does no damage.
The human zombie hits you but does no damage.
You completely miss the human zombie.
The human zombie hits you but does no damage.
The big kobold zombie hits you but does no damage.
You closely miss the human zombie.
The human zombie hits you but does no damage.
The human zombie hits you.
You take 1 damage, and have 95/114 hp.
You hit the human zombie.
The big kobold zombie hits you but does no damage.
The human zombie hits you but does no damage.
You hit the human zombie but do no damage.
The human zombie hits you but does no damage.
The big kobold zombie hits you but does no damage.
The human zombie hits you but does no damage.
You hit the human zombie.
You feel less woody.
Your +0 robe unmelds from your body.
The human zombie hits you. The big kobold zombie hits you.
The human zombie hits you.
You now have 54/76 hp.
You hit the human zombie. The human zombie closely misses you.
The human zombie hits you. The big kobold zombie hits you.
You take 9 damage, and have 45/76 hp.
You hit the human zombie. The human zombie closely misses you.
The human zombie hits you.
The big kobold zombie barely misses you.
You take 2 damage, and have 43/76 hp.
There is an open door here.
Drink which item? (? for menu, Esc to quit)
It was a potion of might.
You feel very mighty all of a sudden.
You sock the human zombie!
You destroy the human zombie!
The human zombie hits you. The big kobold zombie hits you.
You take 5 damage, and have 39/76 hp.
You closely miss the scorpion. The scorpion stings you.
The human zombie hits you but does no damage.
You take 6 damage, and have 33/76 hp.
You sock the scorpion! The big kobold zombie hits you. The scorpion stings you.
You take 6 damage, and have 27/76 hp.
You closely miss the scorpion. The human zombie barely misses you.
The scorpion stings you.
The big kobold zombie hits you but does no damage.
You take 2 damage, and have 25/76 hp.
You sock the scorpion! The human zombie hits you. The scorpion stings you.
* * * LOW HITPOINT WARNING * * *
You are poisoned.
The scorpion poisons you! The big kobold zombie hits you.
* * * LOW HITPOINT WARNING * * *
You take 5 damage, and have 20/76 hp.
Drink which item? (? for menu, Esc to quit)
It was a potion of haste.
You feel yourself speed up.
You feel sick. The scorpion stings you.
* * * LOW HITPOINT WARNING * * *
You are more poisoned.
The scorpion poisons you! The human zombie barely misses you.
The big kobold zombie hits you.
* * * LOW HITPOINT WARNING * * *
You are very lightly contaminated with residual magic.
You take 10 damage, and have 10/76 hp.
Drink which item? (? for menu, Esc to quit)
Okay, then.
Read which item? (? for menu, Esc to quit)
As you read the scroll labeled TUIZODY ZUTE, it crumbles to dust.
You feel blessed for a moment.
It was a scroll of remove curse.
* * * LOW HITPOINT WARNING * * *
You feel sick. The scorpion barely misses you. The human zombie hits you.
* * * LOW HITPOINT WARNING * * *
You take 3 damage, and have 7/76 hp.
Drink which item? (? for menu, Esc to quit)
Okay, then.

#...........#
#...........#
###8.....8###
#...........#
#...........#
#.....8.....#
#.....#..%..#
#.....#..sZZ#
##'#######@##########
#...#!!M#...#...#...#
#...+?."#..^'...8...#
#...#???#...#.......#
##############8...8##
#...#...#...#.......#
#.∩.'...8...#...8...#
#...#.......#...#...#
##'###8...8###'######


You could see a mummy, a scorpion, a big kobold zombie and a human zombie.

Vanquished Creatures
  4 scorpions (Ossuary)
  A centaur zombie (Ossuary)
  A human zombie (Ossuary)
  4 orc wizards (D:3)
  2 iguanas (D:4)
  A worker ant (D:4)
  4 adders
  An adder skeleton (D:4)
  2 worms (D:3)
  6 giant geckos
  11 orcs (D:3)
  A gnoll zombie (Ossuary)
  4 goblins
  10 hobgoblins
  4 jackals (D:1)
  3 quokkas
  7 bats
  6 giant cockroaches
  4 giant newts
  2 goblin zombies (Ossuary)
  3 hobgoblin zombies (Ossuary)
  A jackal skeleton (D:4)
  11 kobolds
  3 orc zombies (Ossuary)
  8 rats
  A spectral orc (D:3)
105 creatures vanquished.

Notes
Turn   | Place    | Note
--------------------------------------------------------------
     0 | D:1      | esc the Ogre Hunter began the quest for the Orb.
     0 | D:1      | Reached XP level 1. HP: 22/22 MP: 1/1
    68 | D:1      | Reached skill level 3 in Fighting
   639 | D:1      | Reached XP level 2. HP: 31/31 MP: 2/2
   789 | D:1      | HP: 8/32 [jackal (2)]
   799 | D:1      | Reached skill level 4 in Fighting
   833 | D:1      | HP: 8/32 [giant cockroach (1)]
   860 | D:1      | HP: 7/32 [giant cockroach (2)]
   865 | D:1      | HP: 5/32 [giant cockroach (2)]
   871 | D:1      | HP: 3/32 [giant cockroach (2)]
   884 | D:1      | Reached skill level 1 in Maces & Flails
  1186 | D:1      | Reached XP level 3. HP: 31/39 MP: 3/3
  1693 | D:2      | HP: 10/40 [giant cockroach (1)]
  1699 | D:2      | HP: 7/40 [giant cockroach (1)]
  1705 | D:2      | HP: 6/40 [poisoned by an adder]
  2083 | D:2      | Reached skill level 5 in Fighting
  2083 | D:2      | Reached skill level 2 in Maces & Flails
  2083 | D:2      | Reached XP level 4. HP: 36/50 MP: 4/4
  3390 | D:3      | Reached skill level 2 in Dodging
  3641 | D:3      | Found a white marble altar of Elyvilon.
  3643 | D:3      | Reached XP level 5. HP: 57/57 MP: 5/5
  3851 | D:3      | Found a basalt altar of Yredelemnul.
  4481 | D:3      | Reached skill level 3 in Maces & Flails
  4825 | D:3      | Reached skill level 5 in Throwing
  4825 | D:3      | Reached XP level 6. HP: 39/67 MP: 6/6
  5061 | D:4      | Noticed Charly's ghost (average FoSk)
  5159 | D:4      | Reached skill level 6 in Fighting
  5626 | D:4      | Found a sand-covered staircase.
  5633 | Ossuary  | Entered an ossuary
  5644 | Ossuary  | Reached skill level 4 in Maces & Flails
  5704 | Ossuary  | Reached skill level 3 in Dodging
  5941 | Ossuary  | Reached XP level 7. HP: 55/76 MP: 7/7
  6222 | Ossuary  | HP: 19/76 [poisoned by a scorpion]
  6223 | Ossuary  | HP: 9/76 [poisoned by a scorpion]
  6224 | Ossuary  | Quit the game

Vault maps used:
D:1:      dpeg_arrival_more_subterranean_lakeside_camping
D:3:      yredelemnul_forgotten_temple_becter, lemuel_crystal_altar
D:4:      nicolae_overflow_hidden_temple, lightli_ossuary_entry_decrepit_ruins,
          kennysheep_minor_cross, nicolae_ru_awakened_eye
Ossuary:  ossuary_minmay_scorpions

Action                   |  1- 3 |  4- 6 |  7- 9 || total
-------------------------+-------+-------+-------++-------
Melee: Short sword       |    34 |       |       ||    34
       Club              |   155 |   296 |    52 ||   503
 Fire: Blowgun           |       |    53 |     8 ||    61
Throw: Large rock        |       |     1 |       ||     1
  Use: Scroll            |     6 |     4 |     1 ||    11
       Potion            |     2 |     2 |     3 ||     7
 Stab: Sleeping          |       |     5 |       ||     5
  Eat: Chunk             |     3 |    11 |       ||    14
       Beef jerky        |     1 |     2 |       ||     3

Vault maps used:
D:1:      dpeg_arrival_more_subterranean_lakeside_camping
D:3:      yredelemnul_forgotten_temple_becter, lemuel_crystal_altar
D:4:      nicolae_overflow_hidden_temple, lightli_ossuary_entry_decrepit_ruins,
          kennysheep_minor_cross, nicolae_ru_awakened_eye
Ossuary:  ossuary_minmay_scorpions

Table legend:
 A = Turns spent in this place as a percentage of turns spent in the entire game.
 B = Non-inter-level travel turns spent in this place as a percentage of non-inter-level travel turns spent in the entire game.
 C = Inter-level travel turns spent in this place as a percentage of turns spent in this place.
 D = Turns resting spent in this place as a percentage of non-inter-level travel turns spent in this place.
 E = Turns spent auto-exploring this place as a percentage of non-inter-level travel turns spent in this place.
 F = Non-inter-level travel turns spent in this place divided by the number of levels of this place that you've seen.
                   A       B       C       D       E      F
               +-------+-------+-------+-------+-------+----------------------
         Total | 100.0 | 100.0 |   0.4 |   4.9 |   6.5 | 290.8
       Dungeon |  84.9 |  84.9 |   0.5 |   5.2 |   7.2 | 308.5
       Ossuary |  15.1 |  15.1 |   0.0 |   3.2 |   2.3 | 220.0
               +-------+-------+-------+-------+-------+----------------------

Table legend:
 A = Kills in this place as a percentage of kills in entire the game.
 B = Kills by you in this place as a percentage of kills by you in the entire game.
 C = Kills by friends in this place as a percentage of kills by friends in the entire game.
 D = Other kills in this place as a percentage of other kills in the entire game.
 E = Experience gained in this place as a percentage of experience gained in the entire game.
 F = Experience gained in this place divided by the number of levels of this place that you have seen.
                   A       B       C       D       E      F
               +-------+-------+-------+-------+-------+----------------------
         Total | 100.0 | 100.0 |  -nan |  -nan | 100.0 | 173.8
       Dungeon |  85.7 |  85.7 |  -nan |  -nan |  54.9 | 119.2
       Ossuary |  14.3 |  14.3 |  -nan |  -nan |  45.1 | 392.0
               +-------+-------+-------+-------+-------+----------------------
